 Dungeon Crawl Stone Soup version 0.25-a0-424-g80bd347ae0 (webtiles) character file.

Game seed: 169718682324052962, levelgen mode: deterministic

408 Kohma the Stinger (level 6, -3/55 HPs)
             Began as a Naga Venom Mage on Jan 23, 2020.
             Slain by a water moccasin zombie (7 damage)
             ... in an ossuary.
             The game lasted 00:16:14 (5356 turns).

Kohma the Stinger (Naga Venom Mage)                 Turns: 5356, Time: 00:16:15

Health: -3/55      AC:  3    Str: 12    XL:     6   Next: 88%
Magic:  7/12       EV: 10    Int: 18    God:
Gold:   220        SH:  6    Dex: 11    Spells: 3/13 levels left

rFire    + . .     SeeInvis +   r - +0 long sword
rCold    . . .     Gourm    .   (no shield)
rNeg     . . .     Faith    .   a - +0 robe
rPois    +         Spirit   .   (no helmet)
rElec    .         Reflect  +   (no cloak)
rCorr    .         Harm     .   (no gloves)
MR       .....                  (no barding)
Stlth    ++........             q - +6 amulet of reflection
HPRegen  0.18/turn              b - ring of protection from fire (curse)
MPRegen  0.13/turn              i - +2 ring of strength

@: very slow
A: large, see invisible, deformed body, poison resistance, slowness 2, slow
metabolism 1, spit poison 1, AC +2
a: Spit Poison


You were in an ossuary.
You were not hungry.

You visited 1 branch of the dungeon, and saw 4 of its levels.
You also visited: Ossuary.

You collected 220 gold pieces.

Inventory:

Hand Weapons
 r - a +0 long sword (weapon)
Missiles
 e - 13 poisoned darts (quivered)
Armour
 a - a +0 robe (worn)
Jewellery
 b - a cursed ring of protection from fire (left hand)
 i - a +2 ring of strength (right hand)
 q - a +6 amulet of reflection (around neck)
Wands
 s - a wand of iceblast (6)
Scrolls
 d - 3 scrolls of remove curse
Potions
 n - a potion of brilliance
Comestibles
 c - 7 rations


   Skills:
 + Level 2.5 Fighting
 - Level 1.5 Dodging
 - Level 3.0 Stealth
 - Level 4.0 Spellcasting
 - Level 1.0 Transmutations
 + Level 2.3 Air Magic
 * Level 6.6 Poison Magic


You had 3 spell levels left.
You knew the following spells:

 Your Spells              Type           Power        Failure   Level  Hunger
a - Sting                 Tmut/Pois      ###.         3%          1    None
b - Poisonous Vapours     Pois/Air       ###...       3%          2    ##.....
c - Mephitic Cloud        Conj/Pois/Air  ##......     13%         3    ###....
d - Olgreb's Toxic Radia  Pois           ####....     10%         4    ####...

Your spell library contained the following spells:

 Spells                   Type           Power        Failure   Level  Hunger
 Ignite Poison            Fire/Tmut/Pois ##......     16%         3    ###....


Dungeon Overview and Level Annotations

Branches:
Dungeon (4/15)            Ossuary (1/1)
 Temple: D:4-7

Altars:
Ashenzari
Dithmenos
Okawaru


Innate Abilities, Weirdness & Mutations

You cannot wear boots.
Your serpentine skin is tough. (AC +2)
You have supernaturally acute eyesight. (SInv)
Armour fits poorly on your strangely shaped body.
Your system is resistant to poisons. (rPois)
You cover ground very slowly.
You have a slow metabolism.
You can spit poison.


Message History

The water moccasin zombie partially resists.
The water moccasin zombie is almost destroyed.
The water moccasin zombie bites you.
* * * LOW HITPOINT WARNING * * *
The water moccasin zombie closely misses you.
Casting: Sting (safe; 3% risk of failure)
Confirm with . or Enter, or press ? or * to list all spells.
Aiming: Sting (safe; 3% risk of failure)
Press: ? - help, Shift-Dir - straight line, f/p - water moccasin zombie
Aim: a water moccasin zombie (almost destroyed)
The sting misses the water moccasin zombie.
The water moccasin zombie closely misses you.
Casting: Sting (safe; 3% risk of failure)
Confirm with . or Enter, or press ? or * to list all spells.
Aiming: Sting (safe; 3% risk of failure)
Press: ? - help, Shift-Dir - straight line, f/p - water moccasin zombie
Aim: a water moccasin zombie (almost destroyed)
The sting misses the water moccasin zombie.
The water moccasin zombie bites you!
You die...

#ZZ^# #.^^# #ZZ.#
#..^# #Z### ##'##
#...# #...# #...#
#...# #...# #...#
#...# #...#
#'#################'##
#^^^#...#.^^^Z@..#^^.#
#^^^#...#^^^.#...'^^^#
#∩..'.Z.'^^^.#...#^..#
######################


You could see a water moccasin zombie.

Vanquished Creatures
  2 water moccasin zombies (Ossuary)
  2 orc priests (D:4)
  An orc wizard (D:4)
  3 big kobold zombies (Ossuary)
  6 adders
  3 adder zombies (Ossuary)
  A worm (D:2)
  A dart slug (D:1)
  3 leopard geckos
  An orc (D:4)
  4 giant cockroaches (D:3)
  10 hobgoblins
  2 jackals (D:2)
  11 bats
  8 frilled lizards
  4 gnoll zombies (Ossuary)
  8 goblins
  3 hobgoblin zombies (Ossuary)
  5 kobolds
  4 kobold zombies (Ossuary)
  6 orc zombies (Ossuary)
  8 rats
96 creatures vanquished.

Notes
Turn   | Place    | Note
-------+----------+-------------------------------------------
     0 | D:1      | Kohma the Naga Venom Mage began the quest for the Orb.
     0 | D:1      | Reached XP level 1. HP: 15/15 MP: 3/3
   301 | D:1      | Reached XP level 2. HP: 13/24 MP: 0/5
   305 | D:1      | Learned a level 2 spell: Poisonous Vapours
  1197 | D:1      | Reached skill level 1 in Fighting
  1257 | D:1      | Reached XP level 3. HP: 31/31 MP: 1/6
  1907 | D:2      | Found a shattered altar of Ashenzari.
  2141 | D:2      | Reached XP level 4. HP: 34/38 MP: 4/8
  2280 | D:2      | Reached skill level 1 in Air Magic
  2714 | D:3      | Reached skill level 5 in Poison Magic
  2883 | D:3      | HP: 1/38 [adder (3)]
  3274 | D:3      | Reached XP level 5. HP: 26/45 MP: 1/9
  3533 | D:3      | Found an iron altar of Okawaru.
  3911 | D:4      | Found a shadowy altar of Dithmenos.
  3981 | D:4      | Found a sand-covered staircase.
  4193 | Ossuary  | Entered an ossuary
  4257 | Ossuary  | Reached skill level 6 in Poison Magic
  4257 | Ossuary  | Reached XP level 6. HP: 30/52 MP: 11/11
  4734 | Ossuary  | Learned a level 3 spell: Mephitic Cloud
  4739 | Ossuary  | Learned a level 4 spell: Olgreb's Toxic Radiance
  5356 | Ossuary  | Slain by a water moccasin zombie

Levels and vault maps discovered:
D:1:      shiori_arrival_maze, layout_basic
D:2:      layout_loops_ring, ashenzari_altar_1
D:3:      layout_basic, lemuel_round_altar, serial_forest,
          infiniplex_forest_clump_small, infiniplex_forest_clump_small,
          infiniplex_forest_side_room, infiniplex_forest_clump_medium,
          infiniplex_forest_clump_cross, infiniplex_forest_lined_ring,
          st_stairs_8, minmay_pentomino_pile
D:4:      minmay_spotlight, layout_basic, lemuel_doored_altar, enter_ossuary_5,
          roderic_roman_lattice
Ossuary:  ossuary_tomb_2

Skill      XL: |  1  2  3  4  5  6 |
---------------+-------------------+-----
Fighting       | 1 2 |  2.5
Air Magic      | 1 2 |  2.3
Poison Magic   | 5 6 |  6.6
Spellcasting   | 3 4 |  4.0
Dodging        | |  1.5
Stealth        | |  3.0
Transmutations | |  1.0

Action                   |  1- 3 |  4- 6 || total
-------------------------+-------+-------++-------
Melee: Unarmed           |    11 |       ||    11
       Club              |     4 |       ||     4
       Short sword       |    18 |    14 ||    32
       Long sword        |       |   196 ||   196
Throw: Dart              |     3 |       ||     3
 Cast: Sting             |    50 |    61 ||   111
       Poisonous Vapours |     6 |    16 ||    22
 Abil: Spit Poison       |       |     1 ||     1
Evoke: Wand              |       |     2 ||     2
  Use: Potion            |       |     5 ||     5
       Scroll            |       |     9 ||     9
 Stab: Sleeping          |     1 |     2 ||     3
  Eat: Chunk             |     3 |     6 ||     9
       Ration            |       |     1 ||     1
Armor: Robe              |    12 |    52 ||    64
       Skin              |       |    12 ||    12
Dodge: Dodged            |    26 |   107 ||   133
Block: Other             |       |    58 ||    58
       Reflection        |       |     1 ||     1
       Rpst.: Long sword |       |    18 ||    18

Table legend:
 A = Non-vault XP
 B = Vault XP
 C = Vault XP percentage of total XP
 D = Non-vault monster count
 E = Vault monster count
 F = Vault count percentage of total count
                 A         B        C        D         E       F
            +---------+---------+-------+---------+---------+-------
      Total |     299 |     285 |  48.8 |      65 |      31 |  32.3
            +---------+---------+-------+---------+---------+-------
        D:1 |      44 |       2 |   4.3 |      27 |       2 |   6.9
        D:2 |      47 |       0 |   0.0 |      14 |       0 |   0.0
        D:3 |      77 |       6 |   7.2 |      19 |       4 |  17.4
        D:4 |     131 |       0 |   0.0 |       5 |       0 |   0.0
    Ossuary |       0 |     277 | 100.0 |       0 |      25 | 100.0
            +---------+---------+-------+---------+---------+-------
